 Dungeon Crawl Stone Soup version 0.18-a0-1800-gdc7a371 (webtiles) character file.

621 TheGoonsmith the Magician (level 7, -8/36 HPs)
             Began as a Deep Elf Wizard on Apr 25, 2016.
             Was an Initiate of Vehumet.
             Killed from afar by edsrzf's ghost (18 damage)
             ... with a flame tongue
             ... on level 5 of the Dungeon.
             The game lasted 00:07:15 (3864 turns).

TheGoonsmith the Magician (Deep Elf Wizard)         Turns: 3864, Time: 00:07:16

Health: -8/36      AC:  2    Str:  4    XL:     7   Next: 22%
Magic:  10/18      EV: 13    Int: 23    God:    Vehumet [......]
Gold:   212        SH:  0    Dex: 15    Spells: 5 memorised, 7 levels left

rFire  . . .     SeeInvis .     k - +2 dagger (venom)
rCold  . . .     Gourm    .     a - +0 robe
rNeg   . . .     Faith    .     (no shield)
rPois  .         Spirit   .     b - +0 hat
rElec  .         Dismiss  .     (no cloak)
rCorr  .         Reflect  .     (no gloves)
SustAt .         Harm     .     (no boots)
MR     .....                    (no amulet)
Stlth  +.........               (no ring)
                                (no ring)

@: repel missiles, not resistant to hostile enchantments, very unstealthy
A: no striking features
a: Renounce Religion


You were on level 5 of the Dungeon.
You worshipped Vehumet.
Vehumet was noncommittal.
You were hungry.

You visited 1 branch of the dungeon, and saw 5 of its levels.

You collected 212 gold pieces.

Inventory:

Hand Weapons
 g - a +3 whip
 k - a +2 dagger of venom (weapon)
Armour
 a - a +0 robe (worn)
 b - a +0 hat (worn)
 o - a +0 buckler
Wands
 v - a wand of disintegration (12/24)
Scrolls
 e - 3 scrolls of immolation
 l - 3 scrolls of identify
 m - a scroll of enchant weapon
 p - 2 scrolls of random uselessness
 q - a scroll of teleportation
Potions
 h - a potion of curing {unknown}
 i - a potion of resistance {unknown}
 j - a potion of ambrosia {unknown}
 n - 4 potions of mutation
 r - a potion of magic {unknown}
 s - 2 potions of brilliance {unknown}
 t - 2 potions of haste {unknown}
 u - 3 potions of heal wounds
Books
 c - a book of Minor Magic

   Spells                             Type                      Level
   a - Magic Dart                     Conjuration                  1
   b - Blink                          Translocation                2
   c - Call Imp                       Summoning                    2
   d - Repel Missiles                 Charms/Air                   2
   e - Slow                           Hexes                        2
   f - Conjure Flame                  Conjuration/Fire             3
   g - Mephitic Cloud                 Conjuration/Poison/Air       3
Comestibles
 d - 4 bread rations
 f - 2 meat rations


   Skills:
 - Level 2.4 Dodging
 - Level 2.4 Stealth
 - Level 6.0 Spellcasting
 - Level 4.0 Conjurations
 + Level 2.0 Charms
   Level 1.1 Summonings
 - Level 1.1 Translocations
 - Level 5.3 Air Magic
 - Level 2.0 Poison Magic


You had 7 spell levels left.
You knew the following spells:

 Your Spells              Type           Power        Failure   Level  Hunger
a - Magic Dart            Conj           ####         1%          1    None
b - Blink                 Tloc           N/A          10%         2    None
c - Conjure Flame         Conj/Fire      ###.....     12%         3    #......
r - Repel Missiles        Chrm/Air       ###...       2%          2    None
x - Mephitic Cloud        Conj/Pois/Air  ###.....     8%          3    #......


Dungeon Overview and Level Annotations

Branches:
Dungeon (5/15)
 Temple: D:4-7

Altars:
Cheibriados
Fedhas
Kikubaaqudgha
Nemelex Xobeh
Pakellas
Ru
Vehumet
Xom
Zin
The Shining One

Portals:
Sewer: D:5

Annotations:
D:3 TheGoonsmith's ghost, amateur DEWz
D:5 edsrzf's ghost, novice OgFE


Message History

You hit the ball python but do no damage.
The ball python is poisoned.
Edsrzf's ghost hits you. The river rat barely misses you.
The ball python closely misses you. The ball python constricts you.
The river rat bites you.
Your unstable footing causes you to fumble your attack.
Edsrzf's ghost hits you but does no damage.
The ball python barely misses you. The ball python constricts you.
The river rat barely misses you.
The worm splashes around in the water.
The river rat barely misses you.
You hit the ball python.
You kill the ball python!
Vehumet accepts your kill. Edsrzf's ghost hits you.
The river rat barely misses you. x2
The worm bites you.
* * * LOW HITPOINT WARNING * * *
Your unstable footing causes you to fumble your attack.
Edsrzf's ghost gestures at you while chanting.
The flame tongue hits you!
Ouch! That really hurt!
You die...

######## ####......######
#....W...).....#
*#.#'####.......#
*,,#Wr≈≈#.......# * *********
*,,#@r≈≈#W......# * *,,,,,,,*
*,,#wr≈≈#.......#****
**,****,*****,,#≈≈≈≈#.#.#....,,,,
*,,* *,,,,,..,#≈≈≈≈#.#.#.#..,,**
**,* ******#..######.#.#.#..,**,
*,* *#...............**,, ***,*
#*#..............#**,* ,,*,*
*####...####.....###.#*,,*
*,,,****.....***##..#..##**,**,**


You could see a worm, edsrzf's ghost, 2 river rats and a rat.

Vanquished Creatures
  Sigmund (D:4)
  An ogre (D:5)
  A centaur (D:5)
  A crimson imp (D:5)
  Ijyb (D:2)
  A worker ant (D:3)
  8 adders
  3 gnolls (D:5)
  A howler monkey skeleton (D:4)
  A shadow imp (D:5)
  An ooze (D:2)
  A worm (D:3)
  2 giant geckos
  3 orcs
  3 ball pythons
  14 bats
  4 giant cockroaches
  7 hobgoblins
  13 jackals
  2 quokkas (D:2)
  2 giant newts
  2 goblins (D:1)
  8 kobolds
  A quokka skeleton (D:4)
  8 rats
90 creatures vanquished.

Notes
Turn   | Place    | Note
--------------------------------------------------------------
     0 | D:1      | TheGoonsmith the Deep Elf Wizard began the quest for the Orb.
     0 | D:1      | Reached XP level 1. HP: 10/10 MP: 7/7
   133 | D:1      | Reached XP level 2. HP: 8/15 MP: 0/9
   807 | D:2      | Reached skill level 5 in Spellcasting
   869 | D:2      | Reached XP level 3. HP: 12/19 MP: 5/11
   870 | D:2      | Noticed Ijyb
  1188 | D:2      | Killed Ijyb
  1222 | D:2      | Learned a level 3 spell: Mephitic Cloud
  1226 | D:2      | Learned a level 3 spell: Conjure Flame
  1229 | D:2      | Learned a level 2 spell: Blink
  1232 | D:2      | Learned a level 2 spell: Repel Missiles
  1266 | D:2      | Reached XP level 4. HP: 24/24 MP: 9/13
  2248 | D:3      | Reached skill level 6 in Spellcasting
  2335 | D:3      | Reached XP level 5. HP: 28/28 MP: 11/15
  2359 | D:3      | Noticed TheGoonsmith's ghost (amateur DEWz)
  2409 | D:3      | Found a sparkling altar of Nemelex Xobeh.
  2487 | D:3      | Reached skill level 1 in Poison Magic
  2696 | D:3      | Reached skill level 1 in Air Magic
  2757 | D:3      | Found a glowing silver altar of Zin.
  2907 | D:3      | Found a shimmering altar of Xom.
  3132 | D:4      | Found an oddly glowing altar of Pakellas.
  3217 | D:4      | Noticed Sigmund
  3231 | D:4      | Killed Sigmund
  3231 | D:4      | Reached XP level 6. HP: 32/32 MP: 6/17
  3626 | D:5      | Entered Level 5 of the Dungeon
  3730 | D:5      | Found a sparkling altar of Nemelex Xobeh.
  3733 | D:5      | Found a snail-covered altar of Cheibriados.
  3737 | D:5      | Found a glowing golden altar of the Shining One.
  3737 | D:5      | Found an ancient bone altar of Kikubaaqudgha.
  3738 | D:5      | Found a sacrificial altar of Ru.
  3740 | D:5      | Found a radiant altar of Vehumet.
  3741 | D:5      | Found a blossoming altar of Fedhas.
  3743 | D:5      | Became a worshipper of Vehumet
  3793 | D:5      | Reached skill level 5 in Air Magic
  3793 | D:5      | Reached XP level 7. HP: 26/36 MP: 11/18
  3829 | D:5      | Noticed edsrzf's ghost (novice OgFE)
  3841 | D:5      | Found a glowing drain.
  3864 | D:5      | Killed from afar by edsrzf's ghost

Vault maps used:
D:1:      dpeg_arrival_fog
D:2:      uniq_iyjb
D:3:      nicolae_overflow_hidden_temple, lemuel_round_altar,
          nemelex_diamond_rough_becter
D:4:      grunt_pakellas_sulfur, first_bread, uniq_sigmund
D:5:      minitemple, portal_sewer_entry_c, uniq_edmund

Skill      XL: |  1  2  3  4  5  6  7 |
---------------+----------------------+-----
Conjurations   | 2 3 4 |  4.0
Spellcasting   | 5 6 |  6.0
Poison Magic   | 2 |  2.0
Air Magic      | 3 5 |  5.3
Charms         | 2 |  2.0
Dodging        | |  2.4
Stealth        | |  2.4
Summonings     | |  1.1
Translocations | |  1.1

Action                   |  1- 3 |  4- 6 |  7- 9 || total
-------------------------+-------+-------+-------++-------
Melee: Whip              |    15 |       |       ||    15
       Dagger            |    13 |     9 |     6 ||    28
 Cast: Magic Dart        |    67 |   139 |    14 ||   220
       Mephitic Cloud    |       |     3 |       ||     3
       Repel Missiles    |       |     1 |       ||     1
  Use: Potion            |     1 |       |     1 ||     2
       Scroll            |       |    10 |       ||    10
  Eat: Chunk             |     1 |     7 |       ||     8
Armor: Robe              |    14 |     2 |     5 ||    21
Dodge: Dodged            |    54 |    14 |    23 ||    91
       Deflected         |       |     2 |       ||     2
